 Dungeon Crawl Stone Soup version 0.23.2-1-ga50397a6bc (webtiles) character file.

Game seed: 5525515701425930106

332 Mrkan the Skirmisher (level 6, -7/76 HPs)
             Began as a Barachi Fighter on May 20, 2019.
             Mangled by an ice beast (9 damage)
             ... on level 5 of the Dungeon.
             The game lasted 00:05:10 (3228 turns).

Mrkan the Skirmisher (Barachi Fighter)              Turns: 3228, Time: 00:05:12

Health: -7/76      AC: 23    Str: 19    XL:     6   Next: 52%
Magic:  6/6        EV:  2    Int:  8    God:
Gold:   279        SH:  9    Dex: 12    Spells: 5/5 levels left

rFire    . . .     SeeInvis .   a - +0 trident
rCold    . . .     Gourm    .   c - +0 shield
rNeg     + + +     Faith    .   (armour currently unavailable)
rPois    +         Spirit   .   (helmet currently unavailable)
rElec    .         Reflect  .   (cloak currently unavailable)
rCorr    .         Harm     .   (gloves currently unavailable)
MR       .....     NoTele   +   (boots currently unavailable)
Stlth    +.........             (no amulet)
HPRegen  0.22/turn              (no ring)
MPRegen  0.10/turn              (no ring)

@: lethally poisoned (-7 -> -13), tree-form, very slightly contaminated,
invisible
A: +LOS, swims
a: no special abilities


You were on level 5 of the Dungeon.
You were not hungry.
You were a tree.
You visited 1 branch of the dungeon, and saw 5 of its levels.

You collected 279 gold pieces.

Inventory:

Hand Weapons
 a - a +0 trident (weapon)
 k - a +0 whip of venom
Armour
 b - a +0 scale mail (melded)
 c - a +0 shield (worn)
 d - a +0 chain mail
Jewellery
 m - a cursed ring of teleportation {unknown}
Scrolls
 g - 2 scrolls of enchant weapon {unknown}
 h - 9 scrolls of identify {unknown}
 j - a scroll of enchant armour {unknown}
 o - a scroll of magic mapping {unknown}
Potions
 e - 2 potions of curing
Comestibles
 f - 7 rations
 n - a chunk of flesh


   Skills:
 + Level 5.2 Fighting
 * Level 4.9 Polearms
 - Level 3.6 Armour
 + Level 4.8 Shields


You had 5 spell levels left.
You didn't know any spells.
Your spell library contained the following spells:

 Spells                   Type           Power        Failure   Level  Hunger
 Magic Dart               Conj           #...         85%         1    ##.....
 Blink                    Tloc           N/A          94%         2    ###....
 Call Imp                 Summ           #.......     94%         2    ###....
 Slow                     Hex            #.......     94%         2    ###....
 Conjure Flame            Conj/Fire      #.......     99%         3    ####...
 Mephitic Cloud           Conj/Pois/Air  #.......     99%         3    ####...


Dungeon Overview and Level Annotations

Branches:
Dungeon (5/15)
 Temple: D:4-7

Altars:
Ashenzari
Fedhas
Gozag
Ru
Sif Muna
Uskayaw
Vehumet
Yredelemnul

Annotations:
D:5 Dowan, Duvessa


Innate Abilities, Weirdness & Mutations

Shadows flee at your approach. (+LOS)
You can swim through water.
((You cover ground slowly.))
((You can hop short distances.))


Message History

You are very lightly contaminated with residual magic.
It was a potion of lignification.
You turn into a tree.
Your +0 scale mail melds into your body.
Your roots penetrate the ground.
* * * LOW HITPOINT WARNING * * *
You feel sick. You block the ice beast's attack. Dowan casts a spell at you.
The puff of frost hits you but does no damage.
You hit Dowan.
Dowan is severely wounded.
* * * LOW HITPOINT WARNING * * *
You feel sick. You block the ice beast's attack.
Dowan hits you but does no damage.
You closely miss Dowan.
Dowan is severely wounded.
* * * LOW HITPOINT WARNING * * *
You feel sick. The ice beast hits you.
* * * LOW HITPOINT WARNING * * *
The ice beast freezes you!
You die...

#.. ..#e........#
##.. #.........#
..... #.e<...>..#
.#....
##.###.####
......####..# #.#
#$.........####.#
####....####...#
.......#.####.###
####.. #eY♣e...##
#. #####....# #
#.<##.##....#
.#...#..#..#
###..#
...........## .#
####.#.#..## .. #
#.##.# # #. #.# .
#..


You could see Duvessa, an ice beast and Dowan.

Vanquished Creatures
  A hound (D:4)
  3 orc priests (D:3)
  A worker ant (D:4)
  A hound skeleton (D:3)
  A worker ant zombie (D:3)
  5 adders
  A gnoll (D:1)
  An ooze (D:2)
  An adder zombie (D:3)
  An adder skeleton (D:3)
  3 worms
  2 dart slugs
  3 leopard geckos
  11 orcs (D:3)
  4 giant cockroaches
  7 hobgoblins
  2 jackals (D:1)
  7 kobolds
  8 bats
  3 frilled lizards
  7 goblins
  2 jackal zombies (D:3)
  A leopard gecko skeleton (D:4)
  A quokka skeleton (D:4)
  8 rats
85 creatures vanquished.

Notes
Turn   | Place    | Note
-------+----------+-------------------------------------------
     0 | D:1      | Mrkan the Barachi Fighter began the quest for the Orb.
     0 | D:1      | Reached XP level 1. HP: 18/18 MP: 1/1
    97 | D:1      | Reached XP level 2. HP: 25/25 MP: 2/2
   243 | D:1      | Reached skill level 4 in Fighting
   249 | D:1      | Reached XP level 3. HP: 20/30 MP: 3/3
   624 | D:2      | Found a blossoming altar of Fedhas.
   801 | D:2      | Reached XP level 4. HP: 20/37 MP: 4/4
   986 | D:2      | Found a basalt altar of Yredelemnul.
  1055 | D:2      | Found a deep blue altar of Sif Muna.
  1449 | D:3      | Reached XP level 5. HP: 6/43 MP: 5/5
  1597 | D:3      | Found an opulent altar of Gozag.
  1888 | D:3      | Found a shattered altar of Ashenzari.
  2001 | D:3      | HP: 2/43 [orc priest/+0 whip of venom (1)]
  2361 | D:3      | Reached XP level 6. HP: 45/50 MP: 6/6
  2623 | D:3      | Reached skill level 5 in Fighting
  2866 | D:4      | Found a sacrificial altar of Ru.
  2866 | D:4      | Found a radiant altar of Vehumet.
  2866 | D:4      | Found a hide-covered altar of Uskayaw.
  3168 | D:5      | Entered Level 5 of the Dungeon
  3196 | D:5      | Noticed Dowan
  3196 | D:5      | Noticed Duvessa
  3201 | D:5      | Noticed an ice beast
  3228 | D:5      | HP: 3/76 [poisoned by Dowan]
  3228 | D:5      | Mangled by an ice beast

Skill      XL: |  1  2  3  4  5  6 |
---------------+-------------------+-----
Fighting       | 4 5 |  5.2
Polearms       | 3 4 |  4.9
Shields        | 4 |  4.8
Armour         | |  3.6

Action                   |  1- 3 |  4- 6 || total
-------------------------+-------+-------++-------
Melee: Trident           |   114 |   213 ||   327
  Use: Potion            |       |     4 ||     4
  Eat: Chunk             |       |     6 ||     6
       Ration            |       |     1 ||     1
Armor: Scale mail        |    66 |    62 ||   128
       Skin              |       |     2 ||     2
Dodge: Dodged            |    58 |    58 ||   116
Block: Shield            |    66 |    99 ||   165
